 Dungeon Crawl Stone Soup version 0.26-a0-8-gc4d20be (webtiles) character file.

Game seed: 10988202799269249248, levelgen mode: deterministic

16 thirtiethelement the Skirmisher (level 2, -1/24 HPs)
             Began as a Demonspawn Abyssal Knight on May 25, 2020.
             Was a Follower of Lugonu.
             Slain by a goblin (3 damage)
             ... on level 1 of the Dungeon.
             The game lasted 00:04:09 (904 turns).

thirtiethelement the Skirmisher (DsAK)               Turns: 904, Time: 00:04:10

Health: -1/24      AC:  4    Str: 12    XL:     2   Next: 37%
Magic:  3/3        EV: 11    Int: 13    God:    Lugonu [*.....]
Gold:   52         SH:  0    Dex: 12    Spells: 1/1 levels left

rFire    . . .     SeeInvis .   d - +0 glaive
rCold    . . .     Gourm    .   (shield currently unavailable)
rNeg     . . .     Faith    .   e - +1 leather armour {rPois}
rPois    +         Spirit   .   (no helmet)
rElec    .         Reflect  .   (no cloak)
rCorr    .         Harm     .   (no gloves)
MR       .....                  (no boots)
Stlth    +.........             (no amulet)
HPRegen  0.08/turn              (no ring)
MPRegen  0.08/turn              (no ring)

@: no status effects
A: demonic guardian 1
a: Depart the Abyss, Renounce Religion


You were on level 1 of the Dungeon.
You worshipped Lugonu.
Lugonu was aware of your devotion.
You were not hungry.

You visited 1 branch of the dungeon, and saw 1 of its levels.
You visited the Abyss 1 time.

You collected 52 gold pieces.

Inventory:

Hand Weapons
 a - a +1 falchion
 d - a +0 glaive (weapon)
Missiles
 j - 4 boomerangs (quivered)
Armour
 b - a +0 leather armour
 e - a +1 leather armour of poison resistance (worn)
 h - a +0 buckler
Scrolls
 k - a scroll of identify {unknown}
Potions
 i - a potion of degeneration {unknown}
Comestibles
 c - 2 rations


   Skills:
 + Level 3.5 Fighting
 - Level 1.7 Long Blades
 * Level 0.6 Polearms
 + Level 1.8 Armour
 + Level 0.8 Dodging
 + Level 2.6 Invocations


You had one spell level left.
You didn't know any spells.
Your spell library was empty.

Dungeon Overview and Level Annotations

Branches:
Dungeon (1/15)

Altars:


Innate Abilities, Weirdness & Mutations

A weak demonic guardian rushes to your aid.


Message History

The goblin closely misses you.
You miss the goblin.
The goblin is severely wounded.
The goblin hits you.
* * * LOW HITPOINT WARNING * * *
The goblin hits you.
* * * LOW HITPOINT WARNING * * *
There is an open door here.
Throwing (i - inventory)
j - 4 boomerangs (quivered)
Press: ? - help, Shift-Dir - straight line, f/p - goblin
Aim: a goblin (severely wounded)
You throw a boomerang. The boomerang barely misses the goblin.
The goblin hits you but does no damage.
You closely miss the goblin.
The goblin is severely wounded.
The goblin closely misses you. x2
You closely miss the goblin.
The goblin is severely wounded.
The goblin hits you.
You die...

.8..##............,,,***,*****
....8#.....#####.##*,* *,,,,,*
..8...†....####...#*,***,***,*
....8#.............*,,,,,***,**
.8..##...######...#***,,,,,,,,*
...###...# *#.## *,*****,,*
#### #...# #.# *,* *..,,* ##..#
#.# *,**#.#*,* # **#### ##@##
*,,,...,,* # *,* ##.g.##
****#.#*** # *.## ##.....## #.#
*..## ##.......## ##.##
#####..[##*#.........####...##
..........,+.......).'.......#
##........##.........####...##
##..#..#..###.......## ##.##
##..#,##..# ##.....## #.###


You could see a goblin.

Vanquished Creatures
  2 dart slugs (D:1)
  2 goblins (D:1)
  3 hobgoblins (D:1)
  A kobold (D:1)
  A bat (D:1)
  A frilled lizard (D:1)
  A rat (D:1)
11 creatures vanquished.

Notes
Turn   | Place    | Note
-------+----------+-------------------------------------------
     0 | Abyss:1  | thirtiethelement the Demonspawn Abyssal Knight began the
                  | quest for the Orb.
     0 | Abyss:1  | Reached XP level 1. HP: 18/18 MP: 2/2
    47 | Abyss:2  | Noticed a jelly
    50 | Abyss:2  | Found a shimmering altar of Xom.
    62 | Abyss:2  | Noticed a harpy
    69 | D:1      | Escaped the Abyss
   391 | D:1      | Gained mutation: A weak demonic guardian rushes to your
                  | aid. [demonic ancestry]
   391 | D:1      | Reached XP level 2. HP: 24/24 MP: 3/3
   488 | D:1      | Reached * piety under Lugonu
   900 | D:1      | HP: 1/24 [goblin (2)]
   904 | D:1      | Slain by a goblin

Illustrated notes

Levels and vault maps discovered:
D:1:      erik_arrival_orb_chamber, layout_loops_corners, serial_rivers,
          chequers_serial_rivers_micro_c, chequers_serial_rivers_micro_c,
          chequers_serial_rivers_micro_e, chequers_serial_rivers_micro_c

Action                   || total
-------------------------++-------
Melee: Glaive            ||    54
Throw: Boomerang         ||     5
Invok: Depart the Abyss  ||     1
  Use: Scroll            ||     2
Armor: Leather armour    ||    16
Dodge: Dodged            ||    32

Table legend:
 A = Non-vault XP
 B = Vault XP
 C = Vault XP percentage of total XP
 D = Non-vault monster count
 E = Vault monster count
 F = Vault count percentage of total count
                 A         B        C        D         E       F
            +---------+---------+-------+---------+---------+-------
      Total |      23 |       0 |   0.0 |      11 |       0 |   0.0
            +---------+---------+-------+---------+---------+-------
        D:1 |      23 |       0 |   0.0 |      11 |       0 |   0.0
            +---------+---------+-------+---------+---------+-------
